 Dungeon Crawl Stone Soup version 0.21.1-1-g345015f (webtiles) character file.

51 microfolk the Ruffian (level 3, 0/29 HPs)
             Began as a Draconian Transmuter on May 14, 2018.
             Slain by a sky beast (6 damage)
             ... on level 3 of the Dungeon.
             The game lasted 00:03:26 (2005 turns).

microfolk the Ruffian (Draconian Transmuter)        Turns: 2005, Time: 00:03:27

Health: 0/29       AC:  2    Str: 12    XL:     3   Next: 57%
Magic:  3/6        EV: 19    Int: 14    God:
Gold:   104        SH:  0    Dex: 16    Spells: 0/6 levels left

rFire    . . .     SeeInvis .     - Unarmed
rCold    . . .     Gourm    .   (shield currently unavailable)
rNeg     . . .     Faith    .   (armour unavailable)
rPois    x         Spirit   .   (helmet currently unavailable)
rElec    .         Reflect  .   (cloak currently unavailable)
rCorr    .         Harm     .   (gloves currently unavailable)
MR       .....                  (boots currently unavailable)
Stlth    +.........             (no amulet)
HPRegen  0.09/turn              (no ring)
MPRegen  0.10/turn              (no ring)

@: spider-form (expiring)
A: tiny, unfitting armour, AC +5
a: End Transformation


You were on level 3 of the Dungeon.
You were very hungry.
You were a venomous arachnid creature.
You visited 1 branch of the dungeon, and saw 3 of its levels.

You collected 104 gold pieces.

Inventory:

Hand Weapons
 l - a +0 hunting sling
Missiles
 a - 24 arrows
 f - 48 stones (quivered)
 g - 5 javelins
 m - a throwing net
Armour
 n - a +0 pair of boots
Scrolls
 e - 2 scrolls of remove curse {unknown}
 h - a scroll of immolation {unknown}
 i - 2 scrolls of random uselessness {unknown}
Potions
 j - a potion of agility {unknown}
 k - 2 potions of degeneration {unknown}
Books
 b - a book of Changes

   Spells                             Type                      Level
   a - Beastly Appendage              Transmutation                1
   b - Sticks to Snakes               Transmutation                2
   c - Spider Form                    Transmutation/Poison         3
   d - Ice Form                       Ice/Transmutation            4
   e - Blade Hands                    Transmutation                5
Comestibles
 c - 4 rations


   Skills:
 + Level 2.0 Fighting
 - Level 1.7 Dodging
 + Level 3.4 Unarmed Combat
 - Level 2.0 Spellcasting
 * Level 3.2 Transmutations


You couldn't memorise any spells.
You knew the following spells:

 Your Spells              Type           Power        Failure   Level  Hunger
a - Beastly Appendage     Tmut           ##....       17%         1    ##.....
b - Sticks to Snakes      Tmut           ##......     24%         2    ###....
c - Spider Form           Tmut/Pois      #.........   58%         3    ####...


Dungeon Overview and Level Annotations

Branches:
Dungeon (3/15)

Altars:
Xom

Annotations:
D:1 exclusion: downstairs
D:2 Sigmund


Innate Abilities, Weirdness & Mutations

((Your plain brown scales are hard. (AC +5)))
You cannot fit into any form of body armour.
((You are cold-blooded and may be slowed by cold attacks.))


Message History

There is a stone staircase leading down here.
Casting: Beastly Appendage
Confirm with . or Enter, or press ? or * to list all spells.
You turn into a venomous arachnid creature.
You are feeling very hungry.
You climb downwards.
There is a stone staircase leading up here.
You barely miss the sky beast.
Your transformation is almost over.
The sky beast hits you. The sky beast shocks you.
You hit the sky beast.
The sky beast is poisoned.
The sky beast is moderately wounded.
The sky beast hits you. The sky beast shocks you.
* * * LOW HITPOINT WARNING * * *
You hit the sky beast.
The sky beast is severely wounded.
The sky beast hits you.
* * * LOW HITPOINT WARNING * * *
The sky beast shocks you.
You die...

### #<#
#s# #Y#
#.. ....
..#..
...#.#.
####....
....


You could see a sky beast.

Vanquished Creatures
  An adder (D:2)
  A worm (D:2)
  3 leopard geckos
  3 giant cockroaches
  6 hobgoblins
  2 jackals (D:1)
  4 bats
  2 frilled lizards (D:1)
  3 goblins
  4 kobolds
  5 rats
34 creatures vanquished.

Notes
Turn   | Place    | Note
-------+----------+-------------------------------------------
     0 | D:1      | microfolk the Draconian Transmuter began the quest for the Orb.
     0 | D:1      | Reached XP level 1. HP: 16/16 MP: 3/3
    93 | D:1      | Reached XP level 2. HP: 22/23 MP: 3/5
    99 | D:1      | Learned a level 2 spell: Sticks to Snakes
  1127 | D:2      | Reached XP level 3. HP: 11/29 MP: 2/6
  1132 | D:2      | Learned a level 3 spell: Spider Form
  1408 | D:2      | Found a shimmering altar of Xom.
  1869 | D:2      | Noticed Sigmund
  1996 | D:3      | Noticed a sky beast
  2005 | D:3      | Slain by a sky beast

Skill      XL: |  1  2  3 |
---------------+----------+-----
Transmutations | 3 |  3.2
Fighting       | 2 |  2.0
Dodging        | |  1.7
Unarmed Combat | |  3.4
Spellcasting   | |  2.0

Action                   || total
-------------------------++-------
Melee: Unarmed           ||    99
       Kick              ||    14
       Tailslap          ||     9
       Headbutt          ||     2
Throw: Stone             ||    41
 Cast: Beastly Appendage ||    19
       Sticks to Snakes  ||     1
       Spider Form       ||     1
  Eat: Chunk             ||     3
Armor: Skin              ||    28
Dodge: Dodged            ||    52
